 Dungeon Crawl Stone Soup version 0.26-a0-952-g76694b35de (webtiles) character file.

Game seed: 14924372955191842610

6012 marklar909 the Grappler (level 10, -3/96 HPs)
             Began as a Troll Monk on Nov 29, 2020.
             Was a Priest of Qazlal.
             Slain by a two-headed ogre
             ... wielding a cursed -1 giant club
              (18 damage)
             ... on level 9 of the Dungeon.
             The game lasted 00:11:21 (7581 turns).

marklar909 the Grappler (Troll Monk)                Turns: 7581, Time: 00:11:21

Health: -3/96      AC:  7    Str: 21    XL:     10   Next: 56%
Magic:  20/20      EV: 14    Int:  6    God:    Qazlal [***...]
Gold:   145        SH:  4    Dex: 15    Spells: 9/9 levels left

rFire    . . .     SeeInvis .     - Unarmed
rCold    . . .     Faith    .   (no shield)
rNeg     . . .     Spirit   .   a - +1 robe
rPois    .         Reflect  .   (helmet restricted)
rElec    .         Harm     .   (no cloak)
rCorr    .         Rampage  .   (gloves unavailable)
MR       +....                  (boots unavailable)
Stlth    ++........             (no amulet)
HPRegen  0.66/turn              p - ring of magical power
MPRegen  0.17/turn              n - ring of protection from magic

@: no status effects
A: large, unfitting armour, claws 3, regeneration 1, shaggy fur 1, tough skin 3
a: Upheaval, Elemental Force, Renounce Religion


You were on level 9 of the Dungeon.
You worshipped Qazlal.
Qazlal was most pleased with you.
You visited 2 branches of the dungeon, and saw 11 of its levels.

You collected 505 gold pieces.
You spent 360 gold pieces at shops.

Inventory:

Missiles
 u - 11 boomerangs (quivered)
Armour
 a - a +1 robe (worn)
 v - the +1 robe of the Stonemason {-Tele rElec rCorr Dex+10}
   (You found it on level 5 of the Dungeon)

   It affects your dexterity (+10).
   It insulates you from electricity.
   It prevents most forms of teleportation.
   It provides partial protection from all sources of acid and corrosion.
Jewellery
 n - a ring of protection from magic (right claw)
 o - a +6 ring of dexterity
 p - a ring of magical power (left claw)
 w - an uncursed ring of wizardry {unknown}
 D - an uncursed amulet of magic regeneration {unknown}
Wands
 t - a wand of paralysis (5)
Scrolls
 b - 2 scrolls of amnesia
 c - 2 scrolls of fog
 d - 10 scrolls of identify
 e - 5 scrolls of teleportation
 f - a scroll of enchant armour
 g - 2 scrolls of random uselessness {unknown}
 h - 8 scrolls of remove curse
 m - 2 scrolls of enchant weapon
 q - a scroll of immolation {unknown}
 x - a scroll of magic mapping {unknown}
 y - a scroll of brand weapon {unknown}
 C - a scroll of blinking {unknown}
Potions
 i - 2 potions of heal wounds
 j - 2 potions of curing
 k - 2 potions of might {unknown}
 r - 3 potions of brilliance {unknown}
 s - 2 potions of lignification {unknown}
 z - 3 potions of attraction {unknown}
 A - a potion of flight {unknown}
 B - a potion of ambrosia {unknown}
Miscellaneous
 E - a lightning rod (3/4)


   Skills:
 * Level 5.4 Fighting
 * Level 4.2 Throwing
 * Level 6.8 Dodging
 + Level 2.6 Stealth
 + Level 1.0 Shields
 + Level 9.5 Unarmed Combat
 * Level 3.9 Invocations
 * Level 3.3 Evocations


You had 9 spell levels left.
You didn't know any spells.
Your spell library contained the following spells:

 Spells                   Type           Power        Failure   Level
 Corona                   Hex            #......      45%         1
 Ensorcelled Hibernation  Hex/Ice        #.....       58%         2
 Confusing Touch          Hex            #.......     83%         3
 Dazzling Flash           Conj/Hex       #.....       83%         3
 Gell's Gravitas          Tloc           #.........   83%         3
 Tukima's Dance           Hex            #.......     83%         3
 Petrify                  Tmut/Erth      #.......     99%         4
 Metabolic Englaciation   Hex/Ice        #.........   100%        5
 Yara's Violent Unravell  Hex/Tmut       #.........   100%        5


Dungeon Overview and Level Annotations

Branches:
Dungeon (10/15)            Temple (1/1) D:5            Lair (0/6) D:8
    Orc: D:9-12

Altars:
Ashenzari
Dithmenos
Elyvilon
Gozag
Hepliaklqana
Makhleb
Nemelex Xobeh
Okawaru
Qazlal
Ru
Sif Muna
Trog
Uskayaw
Vehumet
Wu Jian
Xom
Yredelemnul
Zin
The Shining One

Shops:
D:6 *   D:8 *   D:9 *


Innate Abilities, Weirdness & Mutations

You are too large for most types of armour.
You have claws for hands.
Your natural rate of healing is unusually fast.
You are covered in fur. (AC +1)
You have extremely tough skin. (AC +3)


Message History

Unknown command.
You claw the two-headed ogre!
The two-headed ogre is severely wounded.
You barely miss the two-headed ogre.
The two-headed ogre is severely wounded.
The two-headed ogre hits you with a cursed -1 giant club!!
The two-headed ogre hits you with a +0 giant club!!
* * * LOW HITPOINT WARNING * * *
You block something's attack.
Unknown command.
As you read the scroll of fear, it crumbles to dust.
You assume a fearsome visage.
The gnoll sergeant looks frightened!
The two-headed ogre resists with some effort.
The leopard gecko looks frightened!
You hear a shout!
Qazlal accepts your kill.
Reactivating autopickup.
You feel a bit more experienced.
The two-headed ogre hits you with a cursed -1 giant club!!
You die...

#......$..# #.........# .
#.........### .#
#.......=...##.#### #
#.........#.#...... #.
#....!............
###.#########†..............#
....)....<()(..[.(.>........#
....†(†...#####○@...(.....#
......(......$..°O........# ##..
....!..(...######.##....l###..s.#
.......(...# #.#...l..(<..#
.......(...# #.#.....c#####
#..........# #g#......#
###....(.?## .#.s....# ###....##
...#...## #...... ..###.## ##


You could see a two-headed ogre, a gnoll sergeant (fleeing) and a leopard gecko
(fleeing).

Vanquished Creatures
  A two-headed ogre (D:9)
  Pikel (D:7)
  A troll (D:9)
  Sigmund (D:6)
  A wyvern (D:5)
  2 yaks (D:8)
  A water moccasin (D:8)
  Duvessa (D:6)
  2 orc warriors
  5 ogres
  A sky beast (D:9)
  2 black bears (D:8)
  2 necrophages
  3 centaurs
  An ice beast (D:6)
  2 lemures (D:7)
  A big kobold (D:9)
  4 bullfrogs (D:8)
  Dowan (D:6)
  A wyvern skeleton (D:7)
  7 scorpions
  6 killer bees
  3 howler monkeys
  4 wights (D:7)
  A quasit (D:8)
  3 hounds
  A centaur zombie (D:8)
  5 jellies
  8 orc wizards
  2 orc priests
  2 bullfrog skeletons
  Ijyb (D:4)
  2 iguanas
  10 worker ants
  A hound skeleton (D:4)
  A worker ant zombie (D:6)
  A gnoll (D:9)
  8 adders
  A shadow imp (D:4)
  3 white imps
  An ufetubus (D:7)
  8 oozes (D:2)
  2 adder skeletons
  3 dart slugs
  6 leopard geckos
  23 orcs
  A ball python (D:6)
  3 giant cockroaches
  9 goblins
  8 hobgoblins
  10 jackals
  4 quokkas
  6 bats
  7 frilled lizards
  A jackal skeleton (D:5)
  11 kobolds
  A quokka zombie (D:5)
  8 rats
216 creatures vanquished.

Vanquished Creatures (others)
  29 fungi
  24 plants (D:8)
  6 toadstools (D:2)
59 creatures vanquished.

Grand Total: 275 creatures vanquished

Notes
Turn   | Place    | Note
-------+----------+-------------------------------------------
     0 | D:1      | marklar909 the Troll Monk began the quest for the Orb.
     0 | D:1      | Reached XP level 1. HP: 22/22 MP: 0/0
   226 | D:1      | Reached XP level 2. HP: 29/29 MP: 1/1
   581 | D:2      | Reached XP level 3. HP: 36/36 MP: 2/2
   705 | D:2      | Reached skill level 4 in Unarmed Combat
   712 | D:2      | Reached XP level 4. HP: 43/44 MP: 3/3
   922 | D:2      | Found a faded altar of an unknown god.
  1166 | D:3      | Reached XP level 5. HP: 53/53 MP: 4/4
  1675 | D:3      | Reached skill level 5 in Unarmed Combat
  1942 | D:4      | Reached XP level 6. HP: 61/61 MP: 5/5
  2143 | D:4      | Reached XP level 7. HP: 47/65 MP: 6/6
  2231 | D:4      | Reached skill level 6 in Unarmed Combat
  2552 | D:4      | Found a glowing silver altar of Zin.
  2577 | D:4      | Noticed Ijyb
  2588 | D:4      | Killed Ijyb
  2826 | D:5      | Entered Level 5 of the Dungeon
  2961 | D:5      | Noticed a wyvern
  2971 | D:5      | Killed a wyvern
  3184 | D:5      | Found a staircase to the Ecumenical Temple.
  3256 | Temple   | Entered the Ecumenical Temple
  3339 | Temple   | Became a worshipper of Qazlal Stormbringer
  3339 | Temple   | Reached * piety under Qazlal
  3339 | Temple   | Reached ** piety under Qazlal
  3400 | D:5      | Reached skill level 1 in Throwing
  3400 | D:5      | Reached XP level 8. HP: 75/78 MP: 7/7
  3419 | D:5      | Got a warped robe
  3430 | D:5      | Identified the +1 robe of the Stonemason {-Tele rElec rCorr
                  | Dex+10} (You found it on level 5 of the Dungeon)
  3684 | D:5      | Reached skill level 7 in Unarmed Combat
  4114 | D:6      | Found Muan Diub's Lightly-Used Armoury.
  4195 | D:6      | Found a hide-covered altar of Uskayaw.
  4219 | D:6      | Reached skill level 5 in Dodging
  4250 | D:6      | Noticed Sigmund
  4487 | D:6      | Killed Sigmund
  4762 | D:6      | Reached skill level 1 in Invocations
  4770 | D:6      | Reached skill level 1 in Evocations
  4887 | D:6      | Noticed Dowan
  4888 | D:6      | Noticed Duvessa
  4906 | D:6      | Killed Duvessa
  4918 | D:6      | Killed Dowan
  4919 | D:6      | Reached XP level 9. HP: 73/85 MP: 9/9
  5523 | D:7      | You fall into a shaft and drop 3 floors!
  5523 | D:10     | Entered Level 10 of the Dungeon
  5529 | D:10     | Reached skill level 8 in Unarmed Combat
  5570 | D:10     | HP: 2/85 [black bear (6)]
  5705 | D:9      | Noticed a two-headed ogre
  5705 | D:9      | Noticed a troll
  6020 | D:8      | Found Hegoupn's General Store.
  6031 | D:8      | Bought a lightning rod (4/4) for 360 gold pieces
  6055 | D:8      | Reached skill level 5 in Fighting
  6076 | D:8      | Reached *** piety under Qazlal
  6345 | D:8      | Found a staircase to the Lair.
  6968 | D:7      | Reached XP level 10. HP: 87/96 MP: 11/11
  7055 | D:7      | Noticed Pikel
  7073 | D:7      | Killed Pikel
  7074 | D:7      | Reached skill level 9 in Unarmed Combat
  7241 | D:9      | Found Wozes's Assorted Antiques.
  7416 | D:9      | Noticed a two-headed ogre
  7420 | D:9      | Killed a two-headed ogre
  7421 | D:9      | Reached skill level 1 in Shields
  7581 | D:9      | Slain by a two-headed ogre

Illustrated notes

Levels and vault maps discovered:
D:1:      lordsloth_arrival_two_stooges, layout_basic, minivault_14
D:2:      cheibrodos_fertilizer, layout_basic, chequers_ecumenical_altar_simple
D:3:      layout_basic, grunt_ministairs_6
D:4:      layout_loops_ring, zin_statuary, chequers_arboretum, uniq_ijyb
D:5:      layout_loops_ring, temple_hall, serial_glass, glass_columns_a,
          glass_columns_c
D:6:      layout_rooms, basic_altar, minmay_shop_damaged, uniq_duvessa,
          uniq_sigmund
D:7:      layout_basic, uniq_pikel
D:8:      layout_loops_corners, due_lair_maze_entry_diamond, serial_shops,
          nicolae_shop_stone
D:9:      layout_rooms, minmay_overflow_temple_star_quad,
          kennysheep_orc_monster_closet_entryway, serial_shops, shop
D:10:     hangedman_cross_veins, layout_long_grid
Temple:   compressed_dpeg_circular_temple

Skill      XL: |  1  2  3  4  5  6  7  8  9 10 |
---------------+-------------------------------+-----
Unarmed Combat | 4 5 6 7 8 9 |  9.5
Dodging        | 3 4 5 6 |  6.8
Fighting       | 3 4 5 |  5.4
Throwing       | 1 2 3 4 |  4.2
Stealth        | 2 |  2.6
Invocations    | 1 3 |  3.9
Evocations     | 1 2 3 |  3.3
Shields        | 1 |  1.0

Action                   |  1- 3 |  4- 6 |  7- 9 | 10-12 || total
-------------------------+-------+-------+-------+-------++-------
Melee: Unarmed           |    85 |   161 |   343 |    84 ||   673
       Punch             |       |     3 |    11 |     7 ||    21
Throw: Boomerang         |       |       |    42 |       ||    42
Invok: Upheaval          |       |       |     3 |     2 ||     5
Evoke: Wand              |       |       |     5 |       ||     5
       Lightning rod     |       |       |       |     2 ||     2
  Use: Scroll            |       |     1 |     8 |     1 ||    10
       Potion            |       |       |     4 |       ||     4
 Stab: Sleeping          |       |     4 |     2 |       ||     6
       Paralysed         |       |       |     5 |       ||     5
Armor: Robe              |    30 |    55 |    80 |    29 ||   194
Dodge: Dodged            |    45 |   114 |   188 |    69 ||   416
Block: Other             |       |       |    31 |    18 ||    49

Table legend: (Time is in decaauts)
 A = Elapsed time spent in this place.
 B = Non-inter-level travel time spent in this place.
 C = Inter-level travel time spent in this place.
 D = Time resting spent in this place.
 E = Time spent auto-exploring this place.
 F = Levels seen in this place.
 G = Mean time per level.
                   A        B        C        D        E       F      G
               +--------+--------+--------+--------+--------+-----+--------+
         Total |   7513 |   6886 |    627 |    746 |   4675 |  11 |  683.0 |
       Dungeon |   7394 |   6825 |    569 |    746 |   4617 |  10 |  739.4 |
        Temple |    118 |     60 |     58 |      0 |     58 |   1 |  118.0 |
               +--------+--------+--------+--------+--------+-----+--------+

Top non-repeatable levels by time:
     D:5: 1477 daAuts
     D:8: 1321 daAuts
     D:4: 843 daAuts
     D:3: 835 daAuts
     D:7: 812 daAuts
     D:6: 661 daAuts
     D:1: 562 daAuts
     D:2: 558 daAuts
    D:10: 177 daAuts
     D:9: 144 daAuts
  Temple: 118 daAuts
